 Dungeon Crawl Stone Soup version 0.27-a0-773-gaaee5cf45b (webtiles) character file.

Game seed: 4064487030882218250

3 sleeves the Cudgeller (level 1, -4/17 HPs)
             Began as a Palentonga Gladiator on Mar 25, 2021.
             Slain by a quokka (5 damage)
             ... on level 1 of the Dungeon.
             The game lasted 00:00:17 (49 turns).

sleeves the Cudgeller (Palentonga Gladiator)          Turns: 49, Time: 00:00:17

Health: -4/17      AC:  5    Str: 17    XL:     1   Next: 41%
Magic:  1/1        EV:  9    Int:  8    God:
Gold:   17         SH:  0    Dex: 11    Spells: 0/0 levels left

rFire    . . .     SeeInvis +   a - +0 flail
rCold    . . .     Faith    .   (no shield)
rNeg     . . .     Spirit   .   b - +0 leather armour
rPois    .         Reflect  .   c - +0 helmet
rElec    .         Harm     .   (no cloak)
rCorr    .         Rampage  .   (no gloves)
Will     .....                  (no barding)
Stlth    +.........             (no amulet)
HPRegen  0.05/turn              (no ring)
MPRegen  0.07/turn              (no ring)

@: no status effects
A: large, rugged brown scales 3, see invisible, deformed body, roll 1, armoured
tail
a: Rolling Charge


You were on level 1 of the Dungeon.
You visited 1 branch of the dungeon, and saw 1 of its levels.

You collected 17 gold pieces.

Inventory:

Hand Weapons
 a - a +0 flail (weapon)
Missiles
 d - 3 throwing nets (quivered)
Armour
 b - a +0 leather armour (worn)
 c - a +0 helmet (worn)
Scrolls
 e - a scroll of teleportation {unknown}


   Skills:
 - Level 2.0 Fighting
 + Level 3.2 Maces & Flails
 - Level 1.3 Throwing
 - Level 2.4 Dodging


You couldn't memorise any spells.
You didn't know any spells.
Your spell library was empty.

Dungeon Overview and Level Annotations

Branches:
Dungeon (1/15)

Altars:


Innate Abilities, Weirdness & Mutations

You are completely covered in rugged brown scales. (AC +3, +7% HP)
You have supernaturally acute eyesight. (SInv)
Armour fits poorly on your strangely shaped body.
You can roll at nearby foes to attack.
You have a long armoured tail.


Message History

Welcome, sleeves the Palentonga Gladiator.
The bosom of this dungeon contains the awesome artefact, the Orb of Zot.
Press ? for a list of commands and other information.
Found a staircase leading out of the dungeon.
A giant cockroach comes into view.
A giant cockroach is nearby!
A giant cockroach is nearby!
A giant cockroach is nearby!
A bat comes into view.
Found 14 poisoned darts and 17 gold pieces.
The giant cockroach bites you but does no damage.
The giant cockroach barely misses you.
You hit the giant cockroach.
The giant cockroach is severely wounded.
The bat hits you but does no damage.
The giant cockroach bites you but does no damage.
You closely miss the giant cockroach. You tail-slap the giant cockroach.
You kill the giant cockroach!
The bat hits you but does no damage.
You miss the bat. The bat hits you but does no damage.
You closely miss the bat. The bat hits you but does no damage.
The bat barely misses you.
No target in view!
No target in view!
No target in view!
A bat is nearby!
A bat is nearby!
The bat closely misses you. The bat completely misses you.
You hit the bat.
You kill the bat!
No target in view!
No target in view!
You now have 17 gold pieces.
e - a scroll labelled HIUCEM SUUKK A hobgoblin comes into view.
The hobgoblin shouts!
A quokka comes into view.
You hit the hobgoblin.
The hobgoblin is lightly wounded.
The hobgoblin hits you. The hobgoblin completely misses you.
You closely miss the hobgoblin.
You tail-slap the hobgoblin, but do no damage.
The hobgoblin is lightly wounded.
The hobgoblin barely misses you.
You barely miss the hobgoblin.
The hobgoblin is lightly wounded.
The quokka twitches its whiskers.
The hobgoblin hits you.
You are too injured to fight recklessly!
You are too injured to fight recklessly!
You are too injured to fight recklessly!
The quokka bites you.
* * * LOW HITPOINT WARNING * * *
The quokka bites you.
* * * LOW HITPOINT WARNING * * *
You barely miss the hobgoblin.
The hobgoblin is lightly wounded.
The hobgoblin closely misses you.
You barely miss the hobgoblin.
The hobgoblin is lightly wounded.
The hobgoblin barely misses you. The hobgoblin hits you.
* * * LOW HITPOINT WARNING * * *
You barely miss the hobgoblin.
The hobgoblin is lightly wounded.
The hobgoblin barely misses you.
You sock the hobgoblin!
You kill the hobgoblin!
You miss the quokka. The quokka bites you.
* * * LOW HITPOINT WARNING * * *
The quokka bites you but does no damage.
You barely miss the quokka. You tail-slap the quokka.
The quokka is almost dead.
The quokka bites you.
You die...

#....#.....#...##
##..(......#..#..##
#....#####...#.#..####
#...........#...#.....
#......#####.....#####
#....#..#...........#.
####.##..#....<....#..
#..#.r#.........#..
##...#@..........#.
#..#####.....#####
#####.......#...#.....
#............#.#..####
#....$........#..##
#...............##
#..............##
#...............
######........


You could see a quokka.

Vanquished Creatures
  A giant cockroach (D:1)
  A hobgoblin (D:1)
  A bat (D:1)
3 creatures vanquished.

Notes
Turn   | Place    | Note
-------+----------+-------------------------------------------
     0 | D:1      | sleeves the Palentonga Gladiator began the quest for the
                  | Orb.
     0 | D:1      | Reached XP level 1. HP: 17/17 MP: 1/1
    37 | D:1      | HP: 7/17 [quokka (4)]
    45 | D:1      | HP: 4/17 [hobgoblin (2)]
    48 | D:1      | HP: 1/17 [quokka (3)]
    49 | D:1      | Slain by a quokka

Illustrated notes

Levels and vault maps discovered:
D:1:      scummos_arrival_star, layout_basic, serial_shops,
          nicolae_shop_waterfront, minmay_misc_feat_alley, minmay_cut_off

Action                   || total
-------------------------++-------
Melee: Flail             ||    14
       Tailslap          ||     3
Armor: Leather armour    ||     7
Dodge: Dodged            ||     9

Table legend: (Time is in decaauts)
 A = Elapsed time spent in this place.
 B = Non-inter-level travel time spent in this place.
 C = Inter-level travel time spent in this place.
 D = Time resting spent in this place.
 E = Time spent auto-exploring this place.
 F = Levels seen in this place.
 G = Mean time per level.
                   A        B        C        D        E       F      G
               +--------+--------+--------+--------+--------+-----+--------+
         Total |     52 |     52 |      0 |      0 |     18 |   1 |   52.0 |
       Dungeon |     52 |     52 |      0 |      0 |     18 |   1 |   52.0 |
               +--------+--------+--------+--------+--------+-----+--------+

Top non-repeatable levels by time:
     D:1: 52 daAuts
